Unix NetHack Version 5.0.0-0 post-release - last build Jun 10 2026 00:39:30 (3ee93aec679c4c4259841fe613dc97188e26a321,branch:main).

Game began 2026-07-12 00:34:53, ended 2026-07-12 01:44:11.

Kwijibo4686, neutral female human Valkyrie

                                      -----                    ----
                                      |...----------           |..|
                                      |.........--.-----  ------..--      ----
                                      |.-----...^......----..|.....--------..|
                                      |..-   ................................|
                                     --...   .......---------..---------------
                                     |...    ....           |.--
                                     -.|      ...           |.-    -----
                                  .....|      ...           |.`|  --...|
                      |............[--..      ...           --.----....--
                |.....|.....<.....%[%...  ... ...            |..........---
                |....................... ..).....            ------.---...--
                |...-.--.............--- ..[......---             |.----...|
                .........--.........--   -...*...)..|           ---....|...|
                ....@..---|........-- ---|...)*.....|           |....-...---
                ---.--..| |.......-- --..|.....)...--           |........--
                    --..--|.....---  |...)........--            ----......---
                    |....|--...--    |->......*--.|                |........|
                    --...| -----     |.......------                ---.|....|
                     -----           --.------                       -----.--
                                      ---                                ---
Kwijibo4686 the Fighter     St:17 Dx:15 Co:18 In:8 Wi:10 Ch:13  Neutral
Dlvl:6  $:292 HP:0(95) Pw:22(22) AC:-5 Xp:9 T:8091  Blind

Latest messages:
 It misses!
 It bites!
 It bites!
 Your elven mithril-coat is not affected by decay.
 It bites!
 It hits!
 It bites!
 It hits!
 It misses!
 It bites!
 It bites!
 Your elven mithril-coat is not affected by decay.
 It hits!
 It bites!
 It bites!
 It bites!
 It bites!
 Your elven mithril-coat is not affected by decay.
 It misses!
 It bites!
 It bites!
 It hits!
 It misses!
 It bites!
 It hits!
 It bites!
 It bites!
 It bites!
 Your elven mithril-coat is not affected by decay.
 It bites!
 It misses!
 It just misses!
 It hits!
 It just misses!
 It bites!
 It hits!
 It misses!
 It misses!
 It hits!
 It bites!
 It just misses!
 It misses!
 It bites!
 It hits!
 You die...
 Do you want your possessions identified? [ynq] (y) y
 Do you want to see your attributes? [ynq] (y) y
 Do you want an account of creatures vanquished? [ynaq] (y) y
 Do you want to see your conduct and achievements? [ynq] (y) y
 Do you want to see the dungeon overview? [ynq] (y) y

Inventory:
 Coins    ('$')
  $ - 292 gold pieces
 Amulets  ('"')
  F - an uncursed amulet of flying
 Weapons  (')')
  W - a +1 spear (weapon in right hand)
 Armor    ('[')
  v - an uncursed +0 dwarvish iron helm (being worn)
  z - an uncursed thoroughly rotted +0 pair of leather gloves (being worn)
  m - an uncursed +0 pair of iron shoes (being worn)
  c - an uncursed burnt thoroughly rotted +3 small shield (being worn)
  e - an uncursed +0 elven mithril-coat (being worn)
 Comestibles  ('%')
  x - an uncursed lizard corpse
 Tools    ('(')
  a - an uncursed bag of holding containing 20 items
  r - an uncursed lock pick
  n - a +0 pick-axe (alternate weapon; not wielded)
 Gems/Stones  ('*')
  u - an uncursed flint stone

Contents of the bag of holding:
  512 gold pieces
  an uncursed slime mold
  an uncursed cram ration
  7 uncursed food rations
  3 uncursed tripe rations
  an uncursed scroll of create monster
  2 uncursed scrolls of enchant weapon
  2 uncursed scrolls of identify
  a blessed scroll of remove curse
  an uncursed scroll of remove curse
  an uncursed scroll of teleportation
  an uncursed spellbook of detect treasure
  an uncursed spellbook of remove curse
  an uncursed spellbook of slow monster
  an uncursed potion of booze
  an uncursed potion of fruit juice
  2 uncursed potions of healing
  an uncursed potion of see invisible
  a potion of unholy water
  an uncursed ring of protection from shape changers

Kwijibo4686 the Valkyrie's attributes:

Background:
 You were a Fighter, a level 9 human Valkyrie.
 You were neutral, on a mission for Odin
 who was opposed by Tyr (lawful) and Loki (chaotic).
 You were right-handed.
 You were in the Gnomish Mines, on level 6.
 You entered the dungeon 8091 turns ago.
 It was nighttime.
 You had 3120 experience points, 2000 more were needed to attain level 10.

Basics:
 You had 0 out of 95 hit points.
 You had all 22 energy points (spell power).
 Your armor class was -5.
 Your wallet contained 292 zorkmids, and
 you had 512 more stashed away in your pack.
 Autopickup was on for '$?!/="' plus thrown.

Final Characteristics:
 Your strength was 17 (limit:18/100).
 Your dexterity was 15 (peak:16, limit:18).
 Your constitution was 18 (limit:18).
 Your intelligence was 8 (limit:18).
 Your wisdom was 10 (limit:18).
 Your charisma was 13 (limit:18).

Final Status:
 You were temporarily blind.
 You weren't hungry.
 You were unencumbered.
 You were wielding a spear.
 You had expert skill with spear.

Final Attributes:
 You were piously aligned.
 You were cold resistant.
 You were stealthy.
 You had a small defense bonus (+3).
 You were guarded.
 You were fast.
 You are dead.

Miscellaneous:
 You encountered 1 bones level.
 Total elapsed playing time was 1 hour, 2 minutes and 24 seconds.

Major events:
 Turn
    1: Kwijibo4686 the neutral human Valkyrie entered the dungeon
 1327: attained the rank of Skirmisher (level 3)
 2792: entered the Gnomish Mines
 3023: attained the rank of Fighter (level 6)
 3393: reached Mine Town
 8091: killed by a gnome lord, while frozen by a floating eye's gaze

You didn't know any spells.

Skills:
 Fighting Skills
   bare handed combat [Unskilled]
   two weapon combat  [Unskilled]
   riding             [Unskilled]
 Weapon Skills
   dagger             [Basic]
   axe                [Unskilled]
   pick-axe           [Unskilled]
   short sword        [Unskilled]
   broadsword         [Unskilled]
   long sword         [Unskilled]
   two-handed sword   [Unskilled]
   saber              [Unskilled]
   hammer             [Unskilled]
   quarterstaff       [Unskilled]
   polearms           [Unskilled]
   spear              [Expert]
   trident            [Unskilled]
   lance              [Unskilled]
   sling              [Unskilled]
 Spellcasting Skills
   attack spells      [Unskilled]
   escape spells      [Unskilled]

Voluntary challenges:
 Character rerolling was not enabled.
 You never genocided any monsters.
 You never polymorphed an object.
 You never changed form.
 You used no wishes.
Achievements:
 You entered a shop.
 You attained the rank of Skirmisher.
 You entered the Gnomish Mines.
 You attained the rank of Fighter.
 You entered Minetown.
 You entered a temple.

 The Dungeons of Doom: levels 1 to 8
    Level 1: "v"
    Level 2:
       A fountain.
    Level 3:
       An armor shop.
       Stairs down to The Gnomish Mines.
    Level 4:
       A general store.
    Level 5: "v"
       A fountain.
    Level 6:
       A general store.
    Level 7: "stash"
       A fountain.
    Level 8:
       A potion shop, some fountains.
 The Gnomish Mines: levels 4 to 10
    Level 4:
    Level 5:
    Level 6: <- You were here.
       Final resting place for
          you, killed by a gnome lord, while frozen by a floating eye's gaze.
    Level 7:
       Many shops, a temple and an altar, some fountains, a grave.
       Final resting place for
          Calendula-Wiz-Hum-Fem-Neu, killed by a hallucinogen-distorted soldier ant.
    Level 8:
    Level 9:
    Level 10:


Vanquished creatures:
  a ghost
  a doppelganger
  a wumpus
  a giant zombie
  a warg
  a small mimic
  a flaming sphere
  a human mummy
  3 Grey-elves
  a cockatrice
  a leprechaun
  a mumak
  a black light
  a vampire bat
  4 gnome rulers
  a dwarf mummy
  7 brown puddings
 an owlbear
  a yeti
  a lizard
  a chickatrice
  a dog
  a dwarf leader
  a dust vortex
  3 ravens
  a snake
  2 apes
  a soldier ant
  3 rock piercers
  2 rock moles
  3 ponies
  2 fog clouds
  3 yellow lights
  a shrieker
  2 violet fungi
  6 gnome leaders
  3 gnomish wizards
  a paper golem
  4 giant ants
  a kitten
 13 dwarves
  a kobold shaman
  4 hill orcs
  7 rothes
  2 rabid rats
  a giant bat
  a monkey
  2 orc zombies
  a werejackal
 an iguana
 an acid blob
  a coyote
  8 hobbits
 12 manes
  a giant rat
 54 gnomes
  2 gnome zombies
  4 geckos
  3 jackals
  3 foxes
  3 kobolds
  4 goblins
  3 sewer rats
 11 grid bugs
  7 newts
223 creatures vanquished.

No species were genocided or became extinct.

Game over:
                       ----------
                      /          \
                     /    REST    \
                    /      IN      \
                   /     PEACE      \
                  /                  \
                  |   Kwijibo4686    |
                  |      804 Au      |
                  |   killed by a    |
                  |    gnome lord    |
                  |                  |
                  |                  |
                  |       2026       |
                 *|     *  *  *      | *
        _________)/\\_//(\/(/\)/\//\/|_)_______

Farvel Kwijibo4686 the Valkyrie...

You died in The Gnomish Mines on dungeon level 6 with 13654 points,
and 804 pieces of gold, after 8091 moves.
You were level 9 with a maximum of 95 hit points when you died.

